AoeStats
← i-SRAEL

Arabia

508795680Analyzed
1v1 RM · 7d ago on Sep 24, 2026· 31m 54s· 2 players
Game mode
Random Map
Map size
Tiny (2 player)
Population
200
Speed
Normal
Resources
Standard
Victory
Conquest
Starting age
Dark Age
Ending age
Imperial Age
RankedLock teamsTeams togetherTeam positionsShared explorationLock speedFull tech treeHidden civsTurbo modeCheats
Victory
Defeat
🇲🇽 Sicilians · Mexico
1108
+17
🇵🇪 Franks · Peru
1122
-17
i-SRAEL
7:37 Loom
9:48 Feudal Age
10:30 Double-Bit Axe
14:43 Horse Collar
17:39 Gold Mining
18:48 Fletching
24:58 Castle Age
24:52 Forging
25:00 Pikeman
27:56 Iron Casting
29:19 Scale Barding Armor
31:16 Husbandry
Jahm
2:38 Loom
15:39 Feudal Age
15:45 Man-at-Arms
21:38 Scale Barding Armor
24:34 Forging
24:47 Double-Bit Axe
28:47 Padded Archer Armor
30:57 Scale Mail Armor
Connection lost

Rejoining the realm…

Still unreachable

The connection could not be restored.

Session expired

The server has moved on; the page needs a fresh start.